 Dungeon Crawl Stone Soup version 0.32-a0-913-g739538afd8 (webtiles) character file.

Game seed: 16614897063239636500

5415 ezpacito the Trooper (level 10, -3/77 HPs)
             Began as a Coglin Chaos Knight on Apr 9, 2024.
             Was a Plaything of Xom.
             Slain by a yak (6 damage)
             ... on level 8 of the Dungeon.
             The game lasted 00:15:47 (6763 turns).

ezpacito the Trooper (Coglin Chaos Knight)          Turns: 6763, Time: 00:15:48

Health: -3/77      AC:  0    Str: 18    XL:     10   Next: 67%
Magic:  14/14      EV: 11    Int: 20    God:    Xom [..*...]
Gold:   34         SH:  0    Dex: 13    Spells: 2/15 levels left

rFire   + + .        s - +6 mace "Leacvoso" {venom, Int+4}
rCold   . . .        N - +5 short sword of Radicalism {vamp, rN+ Str+3}
rNeg    + . .        b - +2 ring mail {Will+}
rPois   +            K - +2 hat {Stlth+}
rElec   .            v - +0 cloak
rCorr   .            u - +0 pair of gloves
SInv    .            (no boots)
Will    +....        (amulet unavailable)
Stlth   +++          (ring unavailable)
HPRegen 0.32/turn    (ring unavailable)
MPRegen 0.14/turn    (no gizmo)

%: no passive effects
@: corroded, hasted, revving, very quick
A: off-hand wielding, slow wielding, warmup strikes, no jewellery, iridescent
scales 2, clever 1, fire resistance 2, poison resistance
a: Invent Gizmo, Renounce Religion


You were on level 8 of the Dungeon.
You worshipped Xom.
You were a toy of Xom.
You visited 2 branches of the dungeon, and saw 9 of its levels.
You also visited: Sewer.

You collected 344 gold pieces.
You spent 310 gold pieces at shops.

Inventory:

Hand Weapons
 a - a +0 hand axe of chaos {Bianca}
 s - the +6 mace "Leacvoso" (weapon) {venom, Int+4}
   (You found it on level 3 of the Dungeon)

   Int+4:     It affects your intelligence (+4).
 N - the +5 short sword of Radicalism (offhand) {vamp, rN+ Str+3}
   (You bought it in a shop on level 7 of the Dungeon)

   Str+3:     It affects your strength (+3).
   rN+:       It protects you from negative energy.
Missiles
 f - 9 poisoned darts (quivered)
 o - 6 boomerangs
 y - 4 throwing nets
 J - a curare-tipped dart
Armour
 b - a +2 ring mail of willpower (worn)
 p - a +0 plate armour
 u - a +0 pair of gloves (worn)
 v - a +0 cloak (worn)
 K - a +2 hat of stealth (worn)
 M - a +0 helmet
Talismans
 d - a blade talisman
 k - a storm talisman
Wands
 c - a wand of polymorph (33)
 t - a wand of iceblast (1)
Scrolls
 m - a scroll of enchant weapon
 w - 2 scrolls of amnesia
 z - 2 scrolls of immolation
 C - 3 scrolls of fog
 I - 2 scrolls of poison {unknown}
 L - a scroll of noise {unknown}
Potions
 e - a potion of lignification
 j - 3 potions of brilliance
 n - a potion of resistance
 q - 4 potions of curing
 x - a potion of enlightenment
 A - a potion of invisibility {unknown}
 D - a potion of mutation
 F - a potion of cancellation
 G - a potion of magic


   Skills:
 * Level 6.6 Fighting
 * Level 6.6(7.6) Axes
 * Level 5.1(6.4) Polearms
 * Level 5.5 Armour
 * Level 5.2 Dodging
 + Level 3.5 Stealth
 + Level 3.1 Spellcasting
 + Level 1.4 Conjurations
 + Level 1.3 Hexes
 + Level 2.3 Necromancy
 + Level 0.8 Ice Magic
 + Level 2.5 Alchemy
 + Level 4.1 Evocations
 + Level 1.1 Shapeshifting


You had 2 spell levels left.
You knew the following spells:

 Your Spells              Type           Power      Damage    Failure   Level
a - Fugue of the Fallen   Necr           12%        N/A       28%         3
b - Fulminant Prism       Conj/Alch      5%         3d7       71%         4
c - Anguish               Hex/Necr       5%         N/A       75%         4
d - Ensorcelled Hibernat  Hex/Ice        14%        N/A       22%         2

Your spell library contained the following spells:

 Spells                   Type           Power      Damage    Failure   Level
 Ozocubu's Armour         Ice            6%         N/A       43%         3
 Volatile Blastmotes      Fire/Tloc      6%         2d10      56%         3
 Iskenderun's Mystic Bla Conj/Tloc 6%             2d4        (+2d1     86%         4
 Passage of Golubria      Tloc           3%         N/A       93%         4
 Silence                  Hex/Air        2%         N/A       99%         5
 Summon Mana Viper        Hex/Summ       5%         N/A       99%         5
 Summon Forest            Summ/Tloc      1%         N/A       100%        5
 Summon Cactus Giant      Summ           1%         N/A       100%        6
 Manifold Assault         Tloc           1%         N/A       100%        7
 Lehudib's Crystal Spear  Conj/Erth      3%         10d2      100%        8


Dungeon Overview and Level Annotations

Branches:
Dungeon (8/15)             Temple (1/1) D:4           Sewer (visited)
   Lair: D:8-11

Altars:
Fedhas
Gozag
Makhleb
Nemelex Xobeh
Okawaru
Ru
Sif Muna
Trog
Vehumet
Xom
Yredelemnul
Zin
The Shining One

Shops:
D:7 =*!

Annotations:
D:8 5 transporters


Innate Abilities, Weirdness & Mutations

You can wield a second weapon in your off-hand.
It takes a long time for you to wield or remove held weapons.
Your first few attacks do less damage.
You cannot equip rings or amulets.
You are mostly covered in iridescent scales. (AC +4)
Your mind is acute. (Int +4, Str/Dex -1)
Your flesh is very heat resistant. (rF++)
Your system is resistant to poisons. (rPois)


Message History

You hit the rust devil but do no damage.
The rust devil is lightly wounded.
You barely miss the rust devil with the +6 mace "Leacvoso".
The shadow imp closely misses you. The shadow imp misses you.
The orange demon closely misses you. The yak closely misses you.
The shadow imp summons a swarm of flies.
The shadow imp misses you. The yak gores you! The yak closely misses you.
The rust devil hits you. The rust devil corrodes you!
You take 23 damage, and have 44/77 hp.
MASSIVE DAMAGE!!
You are too injured to fight recklessly!
You are too injured to fight recklessly!
You are too injured to fight recklessly!
You are too injured to fight recklessly!
You are too injured to fight recklessly!
You are too injured to fight recklessly!
You are too injured to fight recklessly!
You are too injured to fight recklessly!
You are too injured to fight recklessly!
Okay, then.
You feel yourself speed up. The yak barely misses you.
The shadow imp barely misses you. The yak gores you.
The orange demon stings you from afar! The shadow imp hits you.
The rust devil hits you. The rust devil corrodes you! The yak gores you!
* * * LOW HITPOINT WARNING * * *
You emit a cloud of colourful smoke!
The shadow imp hits you.
* * * LOW HITPOINT WARNING * * *
The yak gores you!
* * * LOW HITPOINT WARNING * * *
You take 39 damage, and have 5/77 hp.
MASSIVE DAMAGE!!
Okay, then.
Okay, then.
As you read the scroll labelled ANONWO ETANKER, it crumbles to dust.
It is a scroll of brand weapon.
Okay, then.
The yak gores you.
* * * LOW HITPOINT WARNING * * *
The shadow imp barely misses you. The yak gores you.
You die...
Xom chuckles heartily!

### #.. ..# #.# #.# #.# ##+# #.#
#.# ##...## #.# #.#### ##.....##
### #.# #.##.## ##...4...##
##.###.#
#.#...####.....YYY.####...##.#
.........+.....Y@5.'.......#.###
.#######.#.....554.####........#
.# #.##.....5.## ##.###.#.# .#
#.###.....## #.# #.#.# .# #.#
##...## #.###.#.# .# #.# ##+#
#.##..#.# .# #.# #.# #.##.##.#
.#######.# #.# #.##.##.#
.........# ##.#########.##.##.#


You could see an orange demon (summoned), a rust devil (summoned), 4 yaks and 4
shadow imps.

Vanquished Creatures
  3 slime creatures (D:7)
  Sigmund (D:2)
  A spriggan (D:7)
  8 yaks (D:8)
  2 steam dragons
  A water moccasin (D:7)
  3 orc warriors
  2 black bears
  2 sky beasts
  2 centaurs
  A kobold brigand (D:7)
  2 scorpions
  6 bullfrogs
  5 killer bees (D:7)
  4 howler monkeys
  A jelly (D:7)
  A bombardier beetle (D:5)
  2 gnoll boudas
  2 orc priests
  6 hounds
  6 orc wizards
  3 sleepcaps (D:6)
  6 iguanas
  Robin (D:2)
  10 gnolls
  10 adders
  4 river rats (Sewer)
  2 shadow imps
  3 white imps
  A dart slug (D:1)
  41 orcs
  7 endoplasms
  A giant cockroach (shapeshifter) (D:5)
  3 giant cockroaches
  10 goblins
  8 hobgoblins
  3 jackals (D:1)
  2 quokkas
  13 ball pythons
  6 bats
  6 frilled lizards
  10 kobolds
  9 rats
220 creatures vanquished.

Vanquished Creatures (collateral kills)
  A scorpion (D:5)
  An iguana (D:5)
  An adder (D:5)
  An orc (D:5)
  A kobold (D:1)
5 creatures vanquished.

Vanquished Creatures (others)
  An orc priest (D:2)
  An orc (D:2)
  An endoplasm zombie (D:4)
  A kobold (D:2)
4 creatures vanquished.

Grand Total: 229 creatures vanquished

Notes
Turn   | Place    | Note
-------+----------+-------------------------------------------
     0 | D:1      | ezpacito the Coglin Chaos Knight began the quest for the
                  | Orb.
     0 | D:1      | Reached XP level 1. HP: 18/18 MP: 1/1
    15 | D:1      | Reached skill level 1 in Dodging
   122 | D:1      | Reached XP level 2. HP: 24/24 MP: 2/2
   302 | D:1      | Found a faded altar of an unknown god.
   315 | D:1      | XOM: silly message
   455 | D:1      | Reached XP level 3. HP: 29/29 MP: 3/3
   852 | D:2      | Noticed Sigmund
   860 | D:2      | XOM: potion effect (might)
   861 | D:2      | XOM: silly message
   891 | D:2      | XOM: smoke on damage
   892 | D:2      | Killed Sigmund
   893 | D:2      | Reached skill level 1 in Polearms
   893 | D:2      | Reached skill level 1 in Stealth
   893 | D:2      | Reached XP level 4. HP: 19/37 MP: 3/5
   893 | D:2      | Reached XP level 5. HP: 21/42 MP: 3/6
  1004 | D:2      | XOM: god gift: kite shield {god gift}
  1012 | D:2      | XOM: polymorph goblin -> bat
  1013 | D:2      | XOM: destruction
  1075 | D:2      | XOM: scenery: create altars
  1082 | D:2      | XOM: cloud trail
  1104 | D:2      | XOM: god gift: 3 boomerangs
  1195 | D:2      | Noticed Robin
  1199 | D:2      | XOM: scenery: create altars
  1206 | D:2      | Killed Robin
  1275 | D:2      | XOM: 1-stop teleportation journey
  1279 | D:2      | XOM: divination: magic mapping
  1375 | D:2      | Reached XP level 6. HP: 48/48 MP: 7/7
  1442 | D:2      | XOM: 4-stop teleportation journey
  1671 | D:2      | XOM: cloud trail
  1808 | D:2      | XOM: scenery: create altars
  1886 | D:3      | Reached skill level 1 in Spellcasting
  2057 | D:3      | Identified the +6 mace "Leacvoso" {venom, Int+4}
  2365 | D:3      | XOM: give mutations
  2365 | D:3      | Gained mutation: You are partially covered in iridescent
                  | scales. (AC +2) [Xom's grace]
  2365 | D:3      | Gained mutation: You have a pair of small horns on your
                  | head. [Xom's grace]
  2365 | D:3      | Gained mutation: You have hidden genetic potential. [Xom's
                  | grace]
  2365 | D:3      | Gained mutation: You are mostly covered in iridescent
                  | scales. (AC +4) [Xom's grace]
  2471 | D:3      | XOM: scenery: create altars
  2853 | D:4      | Reached skill level 1 in Evocations
  2860 | D:4      | Reached XP level 7. HP: 45/54 MP: 8/8
  3023 | D:4      | Gained mutation: Your flesh is heat resistant. (rF+)
                  | [hidden potential]
  3098 | D:4      | Found a staircase to the Ecumenical Temple.
  3174 | D:4      | XOM: give mutations
  3174 | D:4      | Lost mutation: You have hidden genetic potential. [Xom's
                  | mischief]
  3174 | D:4      | Gained mutation: Armour fits poorly on your strangely
                  | shaped body. [Xom's mischief]
  3174 | D:4      | Lost mutation: Armour fits poorly on your strangely shaped
                  | body. [Xom's mischief]
  3195 | D:4      | XOM: give mutations
  3195 | D:4      | Gained mutation: Your body sometimes deteriorates upon
                  | taking damage. [Xom's mischief]
  3195 | D:4      | Lost mutation: You have a pair of small horns on your head.
                  | [Xom's mischief]
  3329 | D:4      | XOM: god gift: 47 gold pieces
  3469 | Temple   | Entered the Ecumenical Temple
  3490 | D:5      | Entered Level 5 of the Dungeon
  3609 | D:5      | Found a glowing drain.
  3613 | Sewer    | Entered a sewer
  3797 | Sewer    | XOM: silly message
  3801 | Sewer    | Reached XP level 8. HP: 37/61 MP: 10/10
  3917 | D:5      | XOM: give mutations
  3917 | D:5      | Lost mutation: Your body sometimes deteriorates upon taking
                  | damage. [Xom's mischief]
  3917 | D:5      | Gained mutation: Your system is resistant to poisons.
                  | (rPois) [Xom's mischief]
  3942 | D:5      | XOM: summons friendly hellwing
  4027 | D:5      | Reached skill level 5 in Axes
  4043 | D:5      | XOM: 3-stop teleportation journey
  4178 | D:5      | an orc changed into a shapeshifter
  4178 | D:5      | Noticed a shapeshifter (shapeshifter)
  4178 | D:5      | XOM: polymorph orc -> shapeshifter
  4178 | D:5      | a shapeshifter changed into a ball python
  4275 | D:5      | Reached skill level 5 in Fighting
  4535 | D:6      | XOM: stat loss: -1 Int (15/16)
  4555 | D:6      | XOM: 9-stop teleportation journey
  4641 | D:6      | Learned a level 3 spell: Fugue of the Fallen
  4646 | D:6      | Learned a level 4 spell: Fulminant Prism
  4651 | D:6      | Learned a level 4 spell: Anguish
  4652 | D:6      | XOM: scenery: create altars
  4750 | D:6      | XOM: fog
  4993 | D:6      | Reached XP level 9. HP: 68/68 MP: 12/12
  5061 | D:6      | Identified the ring "Zosacam" {rCorr AC+4 Str+5 Dex-2}
  5158 | D:7      | Reached skill level 1 in Alchemy
  5262 | D:7      | XOM: confuse monster(s)
  5265 | D:7      | Reached skill level 1 in Necromancy
  5349 | D:7      | XOM: god gift: wand of iceblast (4)
  5377 | D:7      | XOM: cleaving
  5391 | D:7      | XOM: scenery: create altars
  5465 | D:7      | XOM: scenery: summon butterflies
  5667 | D:7      | Reached skill level 5 in Armour
  5688 | D:7      | Found Wier's Assorted Antiques.
  5695 | D:7      | Bought a scroll labelled YHIEG EMUBOW for 21 gold pieces
  5695 | D:7      | Bought 2 ruby potions for 37 gold pieces
  5695 | D:7      | Bought a potion of brilliance for 84 gold pieces
  5695 | D:7      | Bought a polished short sword for 168 gold pieces
  5695 | D:7      | Identified the +5 short sword of Radicalism {vamp, rN+
                  | Str+3} (You bought it in a shop on level 7 of the Dungeon)
  5716 | D:7      | Found Wihinox's Distillery.
  5788 | D:7      | Found Duoclisy's Jewellery Emporium.
  5824 | D:7      | XOM: 5-stop teleportation journey
  5934 | D:7      | XOM: give mutations
  5934 | D:7      | Gained mutation: You are completely covered in iridescent
                  | scales. (AC +6) [Xom's grace]
  5934 | D:7      | Gained mutation: Your mind is acute. (Int +4, Str/Dex -1)
                  | [Xom's grace]
  5972 | D:7      | Learned a level 2 spell: Ensorcelled Hibernation
  6094 | D:7      | Killed a large slime creature
  6095 | D:7      | Reached XP level 10. HP: 76/76 MP: 12/14
  6123 | D:7      | Reached skill level 5 in Dodging
  6193 | D:7      | XOM: give mutations
  6193 | D:7      | Gained mutation: Your flesh is very heat resistant. (rF++)
                  | [Xom's mischief]
  6193 | D:7      | Gained mutation: You occasionally lose the ability to read
                  | scrolls when taking damage. [Xom's mischief]
  6193 | D:7      | Lost mutation: You occasionally lose the ability to read
                  | scrolls when taking damage. [Xom's mischief]
  6193 | D:7      | Lost mutation: You are completely covered in iridescent
                  | scales. (AC +6) [Xom's mischief]
  6279 | D:8      | XOM: cast spell 'Chain of Chaos'
  6280 | D:8      | XOM: fake destruction
  6288 | D:8      | Reached skill level 1 in Conjurations
  6330 | D:8      | XOM: noise
  6386 | D:8      | Found a transporter.
  6391 | D:8      | Found a transporter.
  6416 | D:8      | XOM: noise
  6424 | D:8      | Reached skill level 1 in Hexes
  6427 | D:8      | XOM: blink monster(s)
  6435 | D:8      | Reached skill level 1 in Shapeshifting
  6470 | D:8      | XOM: enchant monster (bad)
  6482 | D:8      | Reached skill level 5 in Polearms
  6664 | D:8      | Found a transporter.
  6676 | D:8      | Found a transporter.
  6689 | D:8      | Found a transporter.
  6689 | D:8      | Found a transporter.
  6757 | D:8      | XOM: summons 6 hostile demons
  6758 | D:8      | Noticed a rust devil
  6758 | D:8      | Noticed an orange demon
  6762 | D:8      | XOM: smoke on damage
  6763 | D:8      | HP: 3/77 [yak (2)]
  6763 | D:8      | Slain by a yak

Illustrated notes

Levels and vault maps discovered:
D:1:      roadster_arrival_rocket_small, layout_loops_cross,
          dreamdust_ecumenical_altar_grove, hangedman_decor_growths,
          minmay_misc_feat_x, minmay_misc_feat_alley
D:2:      layout_loops_cross, serial_forest, infiniplex_forest_clump_double,
          infiniplex_forest_straight_2, infiniplex_forest_straight_3,
          infiniplex_forest_clump_double, kennysheep_path_1, uniq_robin,
          uniq_sigmund
D:3:      minmay_spotlight, layout_loops_cross
D:4:      layout_cave_pods, temple_hall
D:5:      layout_loops_ring, mainiacjoe_sewer_entry_somewhere_in_here_2
D:6:      layout_basic, amcnicky_mini_pool_small, grunt_ministairs_3
D:7:      layout_basic, serial_shops, nicolae_shop_industrial_runoff,
          nicolae_shop_just_a_little_nook, nicolae_shop_getting_attention,
          the_hattery
D:8:      layout_loops_corners, serial_nicolae_subway,
          nicolae_sub_station_crystal, nicolae_sub_station_stone,
          nicolae_sub_station_metal
Temple:   nicolae_temple_slightly_damp_pantheon

Skill      XL: |  1  2  3  4  5  6  7  8  9 10 |
---------------+-------------------------------+-----
Dodging        | 1 2 3 4 5 |  5.2
Armour         | 2 3 4 5 |  5.5
Polearms       | 1 2 3 4 5 |  5.1
Stealth        | 1 2 3 |  3.5
Spellcasting   | 1 2 3 |  3.1
Axes           | 4 5 6 |  6.6
Fighting       | 4 5 6 |  6.6
Evocations     | 1 2 3 4 |  4.1
Alchemy        | 2 |  2.5
Necromancy     | 1 2 |  2.3
Conjurations   | 1 |  1.4
Hexes          | 1 |  1.3
Shapeshifting  | 1 |  1.1
Ice Magic      | |  0.8

Action                     |  1- 3 |  4- 6 |  7- 9 | 10-12 || total
---------------------------+-------+-------+-------+-------++-------
  Melee: Hand axe          |    47 |    69 |   195 |       ||   311
         Dagger            |    33 |       |       |       ||    33
         Spear             |     9 |    10 |       |       ||    19
         Flail             |       |    29 |       |       ||    29
         Mace              |       |    42 |   223 |   101 ||   366
         Headbutt          |       |     4 |     3 |       ||     7
         Short sword       |       |       |    12 |    95 ||   107
  Evoke: Wand              |       |       |    10 |       ||    10
    Use: Scroll            |     3 |     5 |    16 |     2 ||    26
         Potion            |     1 |     1 |     3 |     1 ||     6
   Stab: Sleeping          |     2 |     3 |     2 |     3 ||    10
         Petrified         |     2 |       |       |       ||     2
         Petrifying        |     1 |       |       |       ||     1
         Distracted        |       |       |     1 |     1 ||     2
         Confused          |       |       |     1 |       ||     1
 Armour: Leather armour    |    31 |    29 |       |       ||    60
         Skin              |     4 |       |       |       ||     4
         Chain mail        |       |    16 |       |       ||    16
         Ring mail         |       |    12 |   251 |    87 ||   350
  Dodge: Dodged            |    27 |    41 |   180 |    75 ||   323

Table legend: (Time is in decaauts)
 A = Elapsed time spent in this place.
 B = Non-inter-level travel time spent in this place.
 C = Inter-level travel time spent in this place.
 D = Time resting spent in this place.
 E = Time spent auto-exploring this place.
 F = Levels seen in this place.
 G = Mean time per level.
                   A        B        C        D        E       F      G
               +--------+--------+--------+--------+--------+-----+--------+
         Total |   6877 |   6350 |    527 |     83 |   4592 |  10 |  687.7 |
       Dungeon |   6560 |   6034 |    526 |     83 |   4403 |   8 |  820.0 |
        Temple |      1 |      1 |      0 |      0 |      0 |   1 |    1.0 |
         Sewer |    315 |    315 |      0 |      0 |    189 |   1 |  315.0 |
               +--------+--------+--------+--------+--------+-----+--------+

Top non-repeatable levels by time:
     D:2: 1028 daAuts
     D:7: 1023 daAuts
     D:4: 921 daAuts
     D:1: 855 daAuts
     D:5: 835 daAuts
     D:3: 716 daAuts
     D:6: 678 daAuts
     D:8: 502 daAuts
   Sewer: 315 daAuts
  Temple: 1 daAuts
